[Event "Early-Titled-Tuesday-Blitz-February-27-2024"]
[Site "Chess.com"]
[Date "2024.02.27"]
[Round "1"]
[White "Felix-Rose"]
[Black "Roman_Ovetchkin"]
[Result "0-1"]
[WhiteElo "2230"]
[BlackElo "2600"]
[TimeControl "180+1"]
[EndTime "8:01:30 PST"]
[Termination "Roman_Ovetchkin won by resignation"]

1. e4 e5 2. Nf3 Nc6 3. d4 exd4 4. Bc4 Nf6 5. e5 Ng4 6. Bxf7+ Kxf7 7. Ng5+ Kg8 8. Qxg4 h6 9. Nf3 d6 10. exd6 Bxg4 0-1

[Event "Early-Titled-Tuesday-Blitz-February-27-2024"]
[Site "Chess.com"]
[Date "2024.02.27"]
[Round "1"]
[White "TERMINATOR_PC"]
[Black "lluiss"]
[Result "1-0"]
[WhiteElo "2580"]
[BlackElo "2178"]
[TimeControl "180+1"]
[EndTime "8:02:10 PST"]
[Termination "TERMINATOR_PC won by resignation"]

1. d4 d5 2. Nf3 c6 3. Bf4 e6 4. e3 f5 5. Nbd2 Nf6 6. Be2 Be7 7. h4 O-O 8. h5 c5 9. c3 Nc6 10. Ne5 Nxe5 11. Bxe5 Ne4 12. Nxe4 fxe4 13. Qd2 Qa5 14. dxc5 Bxc5 15. b4 1-0

[Event "Early-Titled-Tuesday-Blitz-February-27-2024"]
[Site "Chess.com"]
[Date "2024.02.27"]
[Round "1"]
[White "Magic-Nelwyn"]
[Black "AlexeiShirov"]
[Result "1/2-1/2"]
[WhiteElo "2492"]
[BlackElo "2852"]
[TimeControl "180+1"]
[EndTime "8:02:22 PST"]
[Termination "Game drawn by repetition"]

1. e4 e5 2. Nf3 Nc6 3. Bb5 a6 4. Bxc6 dxc6 5. d4 exd4 6. Qxd4 Qxd4 7. Nxd4 Bd7 8. Nc3 O-O-O 9. Be3 Bb4 10. Ne2 Nf6 11.
f3 Rhe8 12. Kf2 Be6 13. a3 Bd6 14. Rad1 Bc4 15. Bf4 Bc5+ 16. Be3 Bd6 17. Bf4 Bc5+ 18. Be3 Bd6 1/2-1/2

[Event "Early-Titled-Tuesday-Blitz-February-27-2024"]
[Site "Chess.com"]
[Date "2024.02.27"]
[Round "1"]
[White "FREDERICKtheMATE"]
[Black "Bkmzzzzz"]
[Result "1/2-1/2"]
[WhiteElo "2671"]
[BlackElo "2387"]
[TimeControl "180+1"]
[EndTime "8:02:44 PST"]
[Termination "Game drawn by repetition"]

1. d4 d5 2. c4 dxc4 3. e3 Nf6 4.
Bxc4 e6 5. Nf3 c5 6. O-O a6 7. a4 Nc6 8. dxc5 Bxc5 9. b3 O-O 10. Bb2 Qe7 11. Ne5 Nb4 12. Qf3 Rb8 13. Bc3 Nbd5 14. Bb2 Nb4 15. Bc3 Nbd5 16. Bb2 Nb4 1/2-1/2

[Event "Early-Titled-Tuesday-Blitz-February-27-2024"]
[Site "Chess.com"]
[Date "2024.02.27"]
[Round "1"]
[White "Balla_Tamas"]
[Black "jk13"]
[Result "0-1"]
[WhiteElo "2389"]
[BlackElo "2688"]
[TimeControl "180+1"]
[EndTime "8:02:57 PST"]
[Termination "jk13 won by resignation"]

1. e4 e5 2. Nf3 Nc6 3. d4 exd4 4. Nxd4 Bb4+ 5. c3 Bc5 6. Nf5 Qf6 7. Be3 Bxe3 8.
Nxe3 Nge7 9. Bd3 O-O 10. O-O d6 11. Nd2 Ng6 12. Bc2 Nf4 13. Nf3 Ne5 14. Nd4 c6 15. Ndf5 Bxf5 16. Nxf5 Rad8 17. Qd2 Nf3+ 18. gxf3 Qg5+ 0-1

[Event "Early-Titled-Tuesday-Blitz-February-27-2024"]
[Site "Chess.com"]
[Date "2024.02.27"]
[Round "1"]
[White "wadsy27"]
[Black "Akylbek2021"]
[Result "1-0"]
[WhiteElo "2617"]
[BlackElo "2278"]
[TimeControl "180+1"]
[EndTime "8:02:57 PST"]
[Termination "wadsy27 won by resignation"]

1. c4 Nf6 2. g3 d5 3. cxd5 Qxd5 4. Nf3 Nc6 5. Bg2 Qh5 6. Nc3 e5 7. d3 Bc5 8. h3 Qg6 9. Nh4 Qh5 10.
Bf3 Bg4 11. hxg4 Nxg4 12. Ne4 Bb4+ 13. Bd2 Nxf2 14. Kxf2 1-0

[Event "Early-Titled-Tuesday-Blitz-February-27-2024"]
[Site "Chess.com"]
[Date "2024.02.27"]
[Round "1"]
[White "sathvikadiga"]
[Black "dianamirza"]
[Result "1-0"]
[WhiteElo "2554"]
[BlackElo "1999"]
[TimeControl "180+1"]
[EndTime "8:02:58 PST"]
[Termination "sathvikadiga won by checkmate"]

1. e4 c5 2. Nf3 Nc6 3. d4 cxd4 4. Nxd4 e6 5. Nc3 a6 6. Bf4 Nge7 7. Ndb5 axb5 8. Nxb5 Ng6 9. Nc7+ Ke7 10. Qd6+ Kf6 11. Nd5# 1-0

[Event "Early-Titled-Tuesday-Blitz-February-27-2024"]
[Site "Chess.com"]
[Date "2024.02.27"]
[Round "1"]
[White "Casper"]
[Black "Rud_Makarian"]
[Result "0-1"]
[WhiteElo "2536"]
[BlackElo "3110"]
[TimeControl "180+1"]
[EndTime "8:03:07 PST"]
[Termination "Rud_Makarian won by resignation"]

1. Nf3 Nf6 2. g3 b5 3. Bg2 Bb7 4. O-O e6 5. a4 b4 6. c3 a5 7. d4 Be7 8. Re1 O-O 9. Nbd2 d5 10. Ne5 Nbd7 11. Ndf3 c5 12. Be3 cxd4 13. Bxd4 Rc8 14. Qd3 Nc5 15. Qb5 Ba6 16. Nc6 Bxb5 17.
Nxd8 Ba6 18. cxb4 axb4 19. Ne5 Rfxd8 0-1

[Event "Early-Titled-Tuesday-Blitz-February-27-2024"]
[Site "Chess.com"]
[Date "2024.02.27"]
[Round "1"]
[White "zsizsi99"]
[Black "NewBornNow"]
[Result "0-1"]
[WhiteElo "2494"]
[BlackElo "2887"]
[TimeControl "180+1"]
[EndTime "8:03:08 PST"]
[Termination "NewBornNow won by resignation"]

1. e4 c5 2. Nf3 d6 3. d4 cxd4 4.
Nxd4 Nf6 5. Nc3 a6 6. h3 e5 7. Nb3 Be6 8. Be3 Nbd7 9. Qf3 Rc8 10. O-O-O Rxc3 11. bxc3 Qc7 12. g4 Qxc3 13. g5 d5 14. Rd3 Qe1+ 15. Rd1 Ba3+ 16. Kb1 Qc3 0-1

[Event "Early-Titled-Tuesday-Blitz-February-27-2024"]
[Site "Chess.com"]
[Date "2024.02.27"]
[Round "1"]
[White "2346PL"]
[Black "PLAYER_2006_M"]
[Result "0-1"]
[WhiteElo "2522"]
[BlackElo "3004"]
[TimeControl "180+1"]
[EndTime "8:03:16 PST"]
[Termination "PLAYER_2006_M won by resignation"]

1. d4 e6 2. Nf3 Nf6 3. Bg5 h6 4. Bh4 b6 5. e3 Bb7 6. Nbd2 Be7 7. Bd3 c5 8. O-O Nc6 9. c3 O-O 10. Qe2 cxd4 11. exd4 Nd5 12. Bg3 d6 13. a3 a6 14.
c4 Nf6 15. b4 Re8 16. Rfe1 Bf8 17. Ne4 Nxe4 18. Qxe4 g6 19. Bh4 Qc7 20. Bf6 Ne5 21.
Qe2 Nxf3+ 22. gxf3 Bg7 23. Bxg7 Kxg7 24. Rac1 Qe7 25.
Be4 d5 26. cxd5 exd5 27. Bd3 Qg5+ 0-1

[Event "Early-Titled-Tuesday-Blitz-February-27-2024"]
[Site "Chess.com"]
[Date "2024.02.27"]
[Round "1"]
[White "Francisco_Ferrari"]
[Black "CM_rui"]
[Result "0-1"]
[WhiteElo "2210"]
[BlackElo "2599"]
[TimeControl "180+1"]
[EndTime "8:03:17 PST"]
[Termination "CM_rui won by resignation"]

1. d4 Nf6 2. Nf3 e6 3. g3 b6 4. Bg2 Bb7 5. O-O Be7 6. c4 O-O 7. Nc3 d6 8. Qc2 Nbd7 9. Rd1 Re8 10. e4 h6 11. h4 Qc8 12. b4 a5 13. b5 e5 14.
dxe5 dxe5 15. Nd5 Bf8 16. Bb2 c6 17. Nxf6+ Nxf6 18. bxc6 Bxc6 19. Nxe5 Bb7 20. Kh2 b5 21. Bh3 Qc7 22. Bf5 Rxe5 0-1

[Event "Early-Titled-Tuesday-Blitz-February-27-2024"]
[Site "Chess.com"]
[Date "2024.02.27"]
[Round "1"]
[White "superchthonic"]
[Black "Nbk90"]
[Result "1-0"]
[WhiteElo "2641"]
[BlackElo "2318"]
[TimeControl "180+1"]
[EndTime "8:03:21 PST"]
[Termination "superchthonic won by resignation"]

1. Nf3 Nf6 2. g3 g6 3. Bg2 Bg7 4. O-O O-O 5. d3 d5 6. Nbd2 c5 7. Re1 Nc6 8. e4 e5 9. exd5 Nxd5 10. Nc4 Re8 11. Ng5 h6 12. Ne4 Bf8 13. c3 b5 14.
Ned6 Bxd6 15. Bxd5 Bb7 16. Qb3 Rb8 17. Bxf7+ Kxf7 18.
Nxe5+ Kg7 19. Qf7+ 1-0

[Event "Early-Titled-Tuesday-Blitz-February-27-2024"]
[Site "Chess.com"]
[Date "2024.02.27"]
[Round "1"]
[White "Russian_berezka"]
[Black "UnTucopalaTimba"]
[Result "1-0"]
[WhiteElo "2550"]
[BlackElo "1974"]
[TimeControl "180+1"]
[EndTime "8:03:34 PST"]
[Termination "Russian_berezka won by checkmate"]

1. d4 Nf6 2. c4 e6 3. Nf3 d5 4. Nc3 Bb4 5. Qa4+ Nc6 6. e3 Bd7 7. Qc2 O-O 8. a3 Bxc3+ 9. Qxc3 Re8 10. b4 a6 11. Bd3 dxc4 12. Bxc4 b5 13. Bd3 Nd5 14. Qc2 g6 15. e4 Nde7 16. h4 Bc8 17. h5 Nxd4 18. Nxd4 Qxd4 19. Bb2 Qd6 20. Rd1 Qc6 21.
Qe2 Bb7 22. hxg6 hxg6 23. Rh8# 1-0

[Event "Early-Titled-Tuesday-Blitz-February-27-2024"]
[Site "Chess.com"]
[Date "2024.02.27"]
[Round "1"]
[White "manitodeplomo"]
[Black "Aleksandar-Topalov"]
[Result "1-0"]
[WhiteElo "2652"]
[BlackElo "2346"]
[TimeControl "180+1"]
[EndTime "8:03:49 PST"]
[Termination "manitodeplomo won by resignation"]

1. d4 Nf6 2. c4 c5 3. d5 d6 4.
Nc3 g6 5. e4 Bg7 6. h3 O-O 7.
Nf3 e6 8. Bd3 exd5 9. cxd5 b5 10. Nxb5 Nxe4 11. Bxe4 Re8 12. O-O Rxe4 13. Ng5 Rb4 14.
Qf3 Rxb5 15. Qxf7+ Kh8 16. Re1 Bd7 17. Re7 Qf8 18. Bd2 Qxf7 19. Nxf7+ Kg8 20. Nh6+ Kh8 21.
Rae1 Bd4 22. Rf7 1-0

[Event "Early-Titled-Tuesday-Blitz-February-27-2024"]
[Site "Chess.com"]
[Date "2024.02.27"]
[Round "1"]
[White "carloseduar100"]
[Black "quvnoq_muxlis"]
[Result "0-1"]
[WhiteElo "2380"]
[BlackElo "2680"]
[TimeControl "180+1"]
[EndTime "8:03:51 PST"]
[Termination "quvnoq_muxlis won by resignation"]

1. g3 d5 2. Bg2 Nf6 3. Nf3 Bf5 4. O-O e6 5. d4 h6 6. c3 c6 7. Nbd2 Be7 8. Re1 O-O 9. Ne5 Nbd7 10. Nxd7 Qxd7 11.
e4 dxe4 12. Nxe4 Rfd8 13. Nxf6+ Bxf6 14. Qe2 a5 15. a3 a4 16. Bf4 Ra5 17. Rad1 Qc8 18.
h4 Bh7 19. Qf3 Rb5 20. Rd2 Be7 21. Bf1 Ra5 22. Bd3 Bxd3 23. Rxd3 Rb5 24. Rd2 Qd7 25. Rde2 Qd5 26. Re5 Qxf3 0-1

[Event "Early-Titled-Tuesday-Blitz-February-27-2024"]
[Site "Chess.com"]
[Date "2024.02.27"]
[Round "1"]
[White "InitiatingASC"]
[Black "blitzking1729"]
[Result "0-1"]
[WhiteElo "2382"]
[BlackElo "2682"]
[TimeControl "180+1"]
[EndTime "8:03:55 PST"]
[Termination "blitzking1729 won by resignation"]

1. d4 d6 2. c4 e5 3. dxe5 dxe5 4. Qxd8+ Kxd8 5. e4 c6 6. Be3 Be6 7. Nd2 Nd7 8. O-O-O Kc7 9. Ngf3 f6 10. Bd3 a5 11.
Nh4 Bc5 12. Nf5 g6 13. Ng3 h5 14. Bxc5 Nxc5 15. Bc2 a4 16. Ne2 Nh6 17. f3 h4 18. h3 Nf7 19. Nf1 Bxc4 20. Nc3 b5 21. Ne3 Be6 22. Kb1 b4 23. Ne2 b3 24. axb3 axb3 25.
Bd3 Ra4 26. Nc3 Ra5 27. Bc4 Rha8 28. Kc1 Nd6 29. Bxe6 Nxe6 30. Rxd6 Ra1+ 0-1

[Event "Early-Titled-Tuesday-Blitz-February-27-2024"]
[Site "Chess.com"]
[Date "2024.02.27"]
[Round "1"]
[White "wannabe2700"]
[Black "Taran2004"]
[Result "1-0"]
[WhiteElo "2719"]
[BlackElo "2406"]
[TimeControl "180+1"]
[EndTime "8:03:56 PST"]
[Termination "wannabe2700 won by checkmate"]

1. e4 c5 2. Nf3 d6 3. d4 cxd4 4. Nxd4 Nf6 5. Nc3 a6 6. h4 e5 7. Nb3 Nc6 8. Bg5 Be7 9. Qd2 Be6 10. O-O-O Qc7 11. Bxf6 gxf6 12. Nd5 Bxd5 13. exd5 Nb8 14.
Bd3 Nd7 15. Kb1 Nc5 16. Bf5 b5 17. Rh3 Nxb3 18. cxb3 a5 19. Rc1 Qb7 20. Rhc3 Bd8 21. Rc6 Ke7 22. Qh6 Bb6 23. Rxd6 Kxd6 24. Qxf6+ Kxd5 25.
Be4+ Kxe4 26. Qf3+ Kd4 27. Rd1+ Kc5 28. Qc3# 1-0

[Event "Early-Titled-Tuesday-Blitz-February-27-2024"]
[Site "Chess.com"]
[Date "2024.02.27"]
[Round "1"]
[White "TioCridineno"]
[Black "HamedWafa4"]
[Result "1-0"]
[WhiteElo "2421"]
[BlackElo "2700"]
[TimeControl "180+1"]
[EndTime "8:04:03 PST"]
[Termination "TioCridineno won by resignation"]

1. e4 c5 2. Nf3 a6 3. c3 d5 4.
exd5 Nf6 5. d4 cxd4 6. Qxd4 Qxd5 7. Qxd5 Nxd5 8. Bc4 Nb6 9. Bb3 Nc6 10. Be3 Nd7 11.
Nbd2 e6 12. O-O Nc5 13. Bc2 e5 14. Rfe1 f6 15. Nb3 Nxb3 16. Bxb3 Bg4 17. Nd2 O-O-O 18. Nc4 Be7 19. Nb6+ Kb8 20. f3 Bf5 21. Rad1 h5 22.
Nd5 Bd6 23. Bb6 Rd7 24. Ne3 Ne7 25. Nxf5 Nxf5 26. Be6 Bc7 27. Bxc7+ Rxc7 28. Bxf5 h4 29. Rd2 Ka7 30. Red1 Re8 31. Rd7 Rc5 32. Rxg7 Rb5 33.
Rd2 Rc8 34. Bxc8 1-0

[Event "Early-Titled-Tuesday-Blitz-February-27-2024"]
[Site "Chess.com"]
[Date "2024.02.27"]
[Round "1"]
[White "aljado"]
[Black "Talcrifice"]
[Result "0-1"]
[WhiteElo "2041"]
[BlackElo "2558"]
[TimeControl "180+1"]
[EndTime "8:04:04 PST"]
[Termination "Talcrifice won by resignation"]

1. e4 e5 2. Nf3 Nc6 3. Bb5 a6 4. Ba4 Nf6 5. O-O b5 6. Bb3 Bc5 7. c3 d6 8. d4 Bb6 9. dxe5 Nxe5 10. Nxe5 dxe5 11. Qxd8+ Kxd8 12. Bxf7 Rf8 13. Bb3 Bb7 14. Bg5 Bxe4 15. Nd2 Bc6 16. Rae1 Kc8 17. Rxe5 Kb7 18. Bxf6 Rxf6 19. Ne4 Bxe4 20. Rxe4 Raf8 21. Re2 h5 22. g3 g5 23. Kg2 g4 24. Bd5+ c6 25. Re7+ Kc8 26.
Be6+ Kb8 27. Bd7 Rxf2+ 28. Rxf2 Rxf2+ 29. Kg1 Rf7+ 0-1

[Event "Early-Titled-Tuesday-Blitz-February-27-2024"]
[Site "Chess.com"]
[Date "2024.02.27"]
[Round "1"]
[White "ChessSkool"]
[Black "LileKoridze"]
[Result "1-0"]
[WhiteElo "2732"]
[BlackElo "2419"]
[TimeControl "180+1"]
[EndTime "8:04:05 PST"]
[Termination "ChessSkool won by checkmate"]

1. d4 Nf6 2. Nf3 e6 3. Bf4 c5 4. c3 b6 5. a4 Bb7 6. e3 Nc6 7. Nbd2 Be7 8. Bd3 O-O 9. h3 d6 10. Bh2 cxd4 11. exd4 Re8 12. O-O Bf8 13. Re1 e5 14.
dxe5 dxe5 15. Bb5 e4 16. Ng5 a6 17. Bc4 Re7 18. Ndxe4 Nxe4 19. Rxe4 Rd7 20. Qh5 g6 21.
Qxh7# 1-0

[Event "Early-Titled-Tuesday-Blitz-February-27-2024"]
[Site "Chess.com"]
[Date "2024.02.27"]
[Round "1"]
[White "allvim"]
[Black "Dyadya81"]
[Result "0-1"]
[WhiteElo "2476"]
[BlackElo "2842"]
[TimeControl "180+1"]
[EndTime "8:04:09 PST"]
[Termination "Dyadya81 won by resignation"]

1. e4 c6 2. d4 d5 3. exd5 cxd5 4. c4 Nf6 5. Nc3 Nc6 6. Nf3 Be6 7. c5 g6 8. Bb5 Bg7 9. Ne5 Qc8 10. Qa4 Bd7 11. O-O O-O 12. Re1 Re8 13. Bg5 a6 14. Bxc6 bxc6 15.
Nxd7 Qxd7 16. Re2 h6 17. Bh4 Nh5 18. Qd1 Qg4 19. Bxe7 Nf4 20. f3 Nxe2+ 21. Qxe2 Qxd4+ 22. Kh1 Ra7 0-1

[Event "Early-Titled-Tuesday-Blitz-February-27-2024"]
[Site "Chess.com"]
[Date "2024.02.27"]
[Round "1"]
[White "xhembulla"]
[Black "emiliochess"]
[Result "1-0"]
[WhiteElo "2647"]
[BlackElo "2328"]
[TimeControl "180+1"]
[EndTime "8:04:16 PST"]
[Termination "xhembulla won by resignation"]

1. e4 e5 2. Nf3 Nc6 3. Bc4 Bc5 4. c3 Nf6 5. d3 O-O 6. O-O d6 7. h3 Be6 8. Nbd2 a6 9. a4 Rb8 10. Re1 b5 11. axb5 axb5 12. Bxe6 fxe6 13. b4 Bb6 14.
Nf1 Nh5 15. Be3 Nf4 16. Bxb6 Rxb6 17. Kh2 g5 18. Ne3 h5 19. Rg1 Qf6 20. Ne1 Ne7 21.
g3 Nxh3 22. Kxh3 g4+ 23. Kh2 Qxf2+ 24. N1g2 Rf3 25. Qe1 Qb2 26. Rf1 1-0

[Event "Early-Titled-Tuesday-Blitz-February-27-2024"]
[Site "Chess.com"]
[Date "2024.02.27"]
[Round "1"]
[White "Zampronha1971"]
[Black "Yurovskykh_Oleksandr"]
[Result "0-1"]
[WhiteElo "2350"]
[BlackElo "2654"]
[TimeControl "180+1"]
[EndTime "8:04:17 PST"]
[Termination "Yurovskykh_Oleksandr won by resignation"]

1. e4 e6 2. d4 d5 3. Nc3 dxe4 4. Nxe4 Bd7 5. Nf3 Bc6 6. Bd3 Nd7 7. O-O Ngf6 8.
Ned2 Be7 9. Re1 O-O 10. Nc4 b6 11. Nce5 Bb7 12. c3 c5 13. Bb5 Nxe5 14. Nxe5 Qd5 15. Qf3 Qxf3 16. Nxf3 Bxf3 17. gxf3 cxd4 18.
cxd4 Rfd8 19. Be3 Rac8 20. Rec1 Nd5 21. Ba6 Rxc1+ 22. Rxc1 g6 23. a3 Kg7 24. Bb7 Bf6 25.
Bxd5 Rxd5 26. Rc7 a5 27. Rc6 Rb5 28. d5 exd5 29. Rxb6 Rxb6 30. Bxb6 a4 31. Kf1 Bxb2 32. Bc5 Kf6 33. Ke2 Be5 34. h3 Kg5 0-1

[Event "Early-Titled-Tuesday-Blitz-February-27-2024"]
[Site "Chess.com"]
[Date "2024.02.27"]
[Round "1"]
[White "HittingRookBottom"]
[Black "SaiAgni_98"]
[Result "0-1"]
[WhiteElo "2006"]
[BlackElo "2557"]
[TimeControl "180+1"]
[EndTime "8:04:18 PST"]
[Termination "SaiAgni_98 won by resignation"]

1. e4 c5 2. Nf3 g6 3. c3 Bg7 4. d4 cxd4 5. cxd4 d5 6. exd5 Nf6 7. Nc3 O-O 8. Be2 Nxd5 9. Nxd5 Qxd5 10. O-O Nc6 11.
Be3 Rd8 12. Qa4 h6 13. Rfd1 Be6 14. Rac1 Qxa2 15. Qxa2 Bxa2 16. Rc5 Bd5 17. Rcc1 Rac8 18. Ra1 a6 19. Ra4 Bb3 20. Raa1 Bxd1 21. Rxd1 e5 22.
d5 Nb4 23. d6 Rd7 24. Nh4 Rc6 25. Bd2 Rcxd6 26. Nf3 e4 0-1

[Event "Early-Titled-Tuesday-Blitz-February-27-2024"]
[Site "Chess.com"]
[Date "2024.02.27"]
[Round "1"]
[White "AlexandraSamaganova"]
[Black "ShazilTheGOAT2006"]
[Result "0-1"]
[WhiteElo "2292"]
[BlackElo "2624"]
[TimeControl "180+1"]
[EndTime "8:04:24 PST"]
[Termination "ShazilTheGOAT2006 won by resignation"]

1. c4 e5 2. Nc3 Nf6 3. Nf3 Nc6 4. a3 g6 5. b4 e4 6. Ng5 Bg7 7. e3 h6 8. Nh3 O-O 9. Be2 d5 10. cxd5 Nxd5 11. Bb2 Bxh3 12. gxh3 Ne5 13. O-O Nd3 14. Bxd3 exd3 15. Qg4 Nxc3 16. Bxc3 Bxc3 17. dxc3 Qf6 18.
c4 Rad8 19. Rad1 Qc3 20. h4 h5 21. Qf4 Qxa3 22. Qxc7 Qxb4 23. Rb1 Qa4 24. Qxb7 Qxc4 25.
Qxa7 Qxh4 26. Qa5 Qg4+ 27. Kh1 Qf3+ 28. Kg1 Rd5 29. Qc7 Rg5+ 30. Qg3 Rxg3+ 31. hxg3 Rc8 0-1

[Event "Early-Titled-Tuesday-Blitz-February-27-2024"]
[Site "Chess.com"]
[Date "2024.02.27"]
[Round "1"]
[White "PedroGil25"]
[Black "rasmussvane"]
[Result "0-1"]
[WhiteElo "2514"]
[BlackElo "2941"]
[TimeControl "180+1"]
[EndTime "8:04:28 PST"]
[Termination "rasmussvane won by resignation"]

1. e4 c6 2. d4 d5 3. e5 Bf5 4. h4 h5 5. c4 e6 6. Nc3 Ne7 7. Nge2 Nd7 8. cxd5 Nxd5 9. Nxd5 cxd5 10. Nc3 Be7 11. Be2 Bxh4 12. Bxh5 Be7 13. g3 Rc8 14.
Bf3 Rxh1+ 15. Bxh1 Qb6 16. Kf1 Rc4 17. Ne2 Bg4 18.
f3 Bf5 19. b3 Rc2 20. Be3 Qa6 21.
Rc1 Rxe2 0-1

[Event "Early-Titled-Tuesday-Blitz-February-27-2024"]
[Site "Chess.com"]
[Date "2024.02.27"]
[Round "1"]
[White "PavelShkapenko"]
[Black "giomar27"]
[Result "1-0"]
[WhiteElo "2749"]
[BlackElo "2425"]
[TimeControl "180+1"]
[EndTime "8:04:28 PST"]
[Termination "PavelShkapenko won by resignation"]

1. e4 g6 2. d4 Bg7 3. Nf3 a6 4. c4 d6 5. Nc3 e5 6. dxe5 dxe5 7. Qxd8+ Kxd8 8. Be3 c6 9. Bb6+ Ke7 10. Bc5+ Ke8 11. O-O-O Bg4 12. Be2 Bxf3 13. Bxf3 Nd7 14. Bd6 Ngf6 15.
h4 h5 16. g3 Bf8 17. Bg2 Bxd6 18. Rxd6 Ke7 19. Rhd1 Rad8 20. Na4 Nb8 21. c5 Nbd7 22. f3 Rhe8 23. b4 Nf8 24. Bh3 Rxd6 25. cxd6+ Kd8 26. Nc5 N6d7 27. Nxb7+ Kc8 28. Nc5 Kb8 29. Bxd7 1-0

[Event "Early-Titled-Tuesday-Blitz-February-27-2024"]
[Site "Chess.com"]
[Date "2024.02.27"]
[Round "1"]
[White "MessiKingdom"]
[Black "Ati1517"]
[Result "1-0"]
[WhiteElo "2607"]
[BlackElo "2252"]
[TimeControl "180+1"]
[EndTime "8:04:30 PST"]
[Termination "MessiKingdom won by resignation"]

1. d4 Nf6 2. Bf4 d6 3. Nc3 g6 4. e4 Bg7 5. Qd2 O-O 6. O-O-O Bd7 7. Bh6 Nc6 8. Nf3 Bg4 9. Be2 e5 10. d5 Nd4 11. Bxg7 Nxe2+ 12. Qxe2 Kxg7 13. h3 Bxf3 14. Qxf3 c6 15. g4 cxd5 16. Nxd5 Nxd5 17. Rxd5 Rc8 18. Rhd1 Qc7 19. c3 Rfd8 20. h4 Qb6 21. g5 Rc6 22. Qf6+ Kg8 23. Rxe5 Rdc8 24. Re7 1-0

[Event "Early-Titled-Tuesday-Blitz-February-27-2024"]
[Site "Chess.com"]
[Date "2024.02.27"]
[Round "1"]
[White "DonMicheleCorleone"]
[Black "Alexander_Donchenko"]
[Result "1-0"]
[WhiteElo "2522"]
[BlackElo "2892"]
[TimeControl "180+1"]
[EndTime "8:04:33 PST"]
[Termination "DonMicheleCorleone won by checkmate"]

1. e4 c6 2. Nc3 d5 3. Nf3 dxe4 4. Nxe4 Nf6 5. Nxf6+ exf6 6. d4 Bd6 7. Be2 O-O 8.
O-O Re8 9. Be3 Nd7 10. c4 Nf8 11. h3 Bf5 12. a4 a5 13. Bd3 Bg6 14. Re1 Qb6 15. c5 Bxc5 16. dxc5 Qxb2 17. Rb1 Qa3 18. Bxg6 hxg6 19. Qb3 Qxb3 20. Rxb3 Re7 21. Reb1 Ra7 22. Nd2 Ne6 23. Nc4 f5 24. g3 g5 25. f4 gxf4 26.
gxf4 g5 27. fxg5 f4 28. Bf2 Nxg5 29. Nd6 Re2 30. h4 Ne6 31. Rxb7 Rxb7 32. Rxb7 f3 33. Rxf7 Ra2 34. h5 Rxa4 35. h6 Rg4+ 36. Kf1 Ng5 37. Rg7+ Kf8 38. Be3 Rh4 39. Bxg5 Rh1+ 40. Kf2 a4 41.
Be7# 1-0

[Event "Early-Titled-Tuesday-Blitz-February-27-2024"]
[Site "Chess.com"]
[Date "2024.02.27"]
[Round "1"]
[White "hurricane7791"]
[Black "FREZZY23"]
[Result "1-0"]
[WhiteElo "2721"]
[BlackElo "2409"]
[TimeControl "180+1"]
[EndTime "8:04:35 PST"]
[Termination "hurricane7791 won by checkmate"]

1. d4 Nf6 2. c4 g6 3. Nc3 Bg7 4. e4 d6 5. h3 O-O 6. Be3 c5 7. d5 a6 8. a4 Qa5 9. Bd3 Nbd7 10.
Nf3 e6 11. O-O exd5 12. cxd5 Qb4 13. Qc2 Re8 14. a5 c4 15. Be2 Nc5 16. Nd2 Nfxe4 17.
Ncxe4 Nxe4 18. Nxe4 Bf5 19. f3 Bxe4 20. fxe4 Qxb2 21. Qxb2 Bxb2 22. Ra2 Bh8 23. Bf3 f5 24. Rb1 fxe4 25. Be2 c3 26. Bg4 Rab8 27. Be6+ Kf8 28. Rf1+ Ke7 29. Rf7+ Kd8 30. Bb6# 1-0

[Event "Early-Titled-Tuesday-Blitz-February-27-2024"]
[Site "Chess.com"]
[Date "2024.02.27"]
[Round "1"]
[White "AnaKuchava"]
[Black "Statham_01"]
[Result "0-1"]
[WhiteElo "2205"]
[BlackElo "2588"]
[TimeControl "180+1"]
[EndTime "8:04:35 PST"]
[Termination "Statham_01 won by resignation"]

1. d4 Nf6 2. Nf3 e6 3. c4 c5 4. d5 b5 5. cxb5 exd5 6. Nc3 d4 7. Nb1 d5 8. g3 Bd6 9. Bg2 Qa5+ 10. Bd2 Qxb5 11. b3 O-O 12. O-O Ba6 13. Re1 Re8 14.
Na3 Qd7 15. Rc1 Nc6 16. Bf1 c4 17. bxc4 Bxa3 0-1

[Event "Early-Titled-Tuesday-Blitz-February-27-2024"]
[Site "Chess.com"]
[Date "2024.02.27"]
[Round "1"]
[White "AlainBruxelles"]
[Black "MightyGMpretender"]
[Result "0-1"]
[WhiteElo "2438"]
[BlackElo "2769"]
[TimeControl "180+1"]
[EndTime "8:04:38 PST"]
[Termination "MightyGMpretender won by resignation"]

1. e4 c5 2. Nf3 Nc6 3. Nc3 d6 4. d4 cxd4 5. Nxd4 e5 6. Nde2 Be7 7. g3 Nf6 8. Bg2 O-O 9. O-O Rb8 10. a4 Nb4 11. h3 Be6 12. Nd5 Nfxd5 13. exd5 Bf5 14. g4 Bxc2 15. Qd2 a5 16. Nc3 Bd3 17. Rd1 Bc2 18. Rf1 Bg6 19. Ne4 Rc8 20. Ra3 Nc2 21.
Rc3 Nd4 22. Rxc8 Qxc8 23. Qxa5 Ne2+ 24. Kh1 Nxc1 0-1

[Event "Early-Titled-Tuesday-Blitz-February-27-2024"]
[Site "Chess.com"]
[Date "2024.02.27"]
[Round "1"]
[White "ozates"]
[Black "WiktoriaPOL"]
[Result "1-0"]
[WhiteElo "2609"]
[BlackElo "2269"]
[TimeControl "180+1"]
[EndTime "8:04:41 PST"]
[Termination "ozates won by resignation"]

1. e4 c5 2. Nf3 d6 3. Bb5+ Nd7 4. O-O Nf6 5. Re1 a6 6. Bf1 g6 7. c3 Bg7 8. d4 O-O 9. Nbd2 b5 10. h3 e6 11. e5 dxe5 12. dxe5 Nd5 13. Ne4 Nxe5 14.
Nxe5 Bxe5 15. Bh6 Bg7 16. Bxg7 Kxg7 17. Nxc5 Qc7 18. Qd4+ Kg8 19. Rad1 Bb7 20. c4 bxc4 21.
Bxc4 Ne7 22. Nxe6 fxe6 23. Bxe6+ Rf7 24. Qd7 Qxd7 25. Rxd7 Bd5 26. Bxf7+ Bxf7 27. Rexe7 Bxa2 28.
Rxh7 Kf8 29. g4 1-0

[Event "Early-Titled-Tuesday-Blitz-February-27-2024"]
[Site "Chess.com"]
[Date "2024.02.27"]
[Round "1"]
[White "ASVZ"]
[Black "chezzgirl04"]
[Result "1-0"]
[WhiteElo "2560"]
[BlackElo "2096"]
[TimeControl "180+1"]
[EndTime "8:04:43 PST"]
[Termination "ASVZ won by resignation"]

1. e4 e5 2. Nf3 Nc6 3. Nc3 Bb4 4. Bb5 Nf6 5. O-O O-O 6. d3 d6 7.
Bg5 h6 8. Bxf6 Qxf6 9. Nd5 Qg6 10. Bxc6 bxc6 11. Ne7+ Kh7 12. Nxg6 fxg6 13. c3 Ba5 14.
Qa4 Bb6 15. Qxc6 Bg4 16. Nd2 Be2 17. Nc4 Bc5 18. Nxe5 dxe5 19. Qxc5 Bxd3 20. Rfe1 Rf6 21. Rad1 Ba6 22. Qxe5 Raf8 23. f3 g5 24. Rd7 g4 25.
Qxc7 Rg6 26. f4 Bc8 27. Rf7 Re8 28. f5 Rg5 29. f6 g3 30. Rxg7+ Kh8 31. Rxg5 1-0